 Dungeon Crawl Stone Soup version 0.29.1-1-gd02db6906a (webtiles) character file.

Game seed: 10342512812574369424

4907 sakkuzi the Fighter (level 10, -9/68 HPs)
             Began as a Gargoyle Fighter on Sept 16, 2022.
             Was the Champion of Ru.
             Mangled by a two-headed ogre
             ... wielding a +0 giant spiked club
              (11 damage)
             ... on level 10 of the Dungeon.
             The game lasted 00:35:35 (10889 turns).

sakkuzi the Fighter (Gargoyle Fighter)             Turns: 10889, Time: 00:35:36

Health: -9/68      AC: 26    Str: 24    XL:     10   Next: 51%
Magic:  7/10       EV:  2    Int:  9    God:    Ru [******]
Gold:   478        SH:  0    Dex:  9    Spells: 9/9 levels left

rFire   . . .      SeeInvis .   l - +4 flail (vorpal)
rCold   . . .      Faith    .   (shield unavailable)
rNeg    + . .      Spirit   .   j - +1 plate armour
rPois   ∞          Reflect  .   (no helmet)
rElec   +          Harm     .   A - +1 cloak {rCorr}
rCorr   +          Rampage  .   t - +0 pair of gloves
Will    .....                   (no boots)
Stlth   ..........              n - amulet of magic regeneration
HPRegen 0.21/turn               (ring unavailable)
MPRegen 0.52/turn               (no ring)

@: exhausted
A: sickness immunity, AC +7, negative energy resistance 1, electricity
resistance, torment resistance 1, petrification resistance, missing a hand,
inability to use devices, reduced EV 1, disrupted magic 1
a: Renounce Religion, Draw Out Power, Power Leap, Apocalypse


You were on level 10 of the Dungeon.
You worshipped Ru.
Ru was exalted by your worship.
You visited 1 branch of the dungeon, and saw 10 of its levels.

You collected 478 gold pieces.

Inventory:

Hand Weapons
 l - a +4 vorpal flail (weapon)
Missiles
 c - a throwing net
 i - 5 curare-tipped darts
Armour
 j - a +1 plate armour (worn)
 t - a +0 pair of gloves (worn)
 A - a +1 cloak of preservation (worn)
Jewellery
 n - an amulet of magic regeneration (around neck)
 x - a ring of poison resistance
Scrolls
 b - a scroll of immolation {unknown}
 d - 3 scrolls of blinking
 h - a scroll of enchant weapon
 k - 2 scrolls of magic mapping {unknown}
 o - 2 scrolls of silence {unknown}
 s - 2 scrolls of teleportation {unknown}
 u - 2 scrolls of poison {unknown}
 w - 2 scrolls of identify
 y - a scroll of torment {unknown}
 z - a scroll of acquirement {unknown}
 B - a scroll of enchant armour
Potions
 a - a potion of mutation {unknown}
 e - 5 potions of flight
 f - a potion of lignification
 g - 3 potions of degeneration
 m - a potion of cancellation {unknown}
 p - 4 potions of curing
 q - 2 potions of attraction {unknown}
 r - 2 potions of heal wounds
 v - 2 potions of invisibility


   Skills:
 + Level 10.0 Fighting
 - Level 2.0 Long Blades
 + Level 8.4 Maces & Flails
 + Level 9.9 Armour
   Level 0.0 Shields


You had 9 spell levels left.
You didn't know any spells.
Your spell library contained the following spells:

 Spells                   Type           Power      Damage    Failure   Level
 Dazzling Flash           Conj/Hex       0%         N/A       100%        3
 Gell's Gravitas          Tloc           0%         N/A       100%        3
 Lesser Beckoning         Tloc           0%         N/A       100%        3
 Teleport Other           Tloc           0%         N/A       100%        3
 Animate Armour           Summ/Erth      0%         N/A       100%        4
 Agony                    Necr           0%         N/A       100%        5
 Blade Hands              Tmut           0%         N/A       100%        5
 Silence                  Hex/Air        0%         N/A       100%        5
 Iron Shot                Conj/Erth      0%         9d1       100%        6


Dungeon Overview and Level Annotations

Branches:
Dungeon (10/15)            Temple (0/1) D:7
   Lair: D:8-11         Orc: D:9-12

Altars:
Cheibriados
Fedhas
Hepliaklqana
Ru
Sif Muna
Trog
Yredelemnul
The Shining One

Shops:
D:1 [   D:5 *   D:7 ((*


Innate Abilities, Weirdness & Mutations

You are immune to sickness and miasma.
Your stone body is resilient. (AC +7)
You are immune to poison.
You resist negative energy. (rN+)
You are resistant to electric shocks. (rElec)
You are resistant to unholy torment.
You are immune to petrification.
You are missing a hand.
You cannot study or use magical devices.
You have somewhat slow reflexes. (EV -5)
Your casting is slightly disrupted.


Message History

The two-headed ogre shouts in stereo!
The vampire gestures at you while chanting.
You resist with some effort.
The vampire begins to cast a spell, but is stunned by your conviction!
The vampire hits you. The vampire bites you.
You hit the vampire but do no damage.
The vampire is stunned by your conviction and fails to attack.
You hit the vampire but do no damage.
The vampire begins to cast a spell, but is stunned by your conviction!
You hit the vampire but do no damage.
The vampire hits you but does no damage.
The vampire bites you but does no damage.
The vampire hits you but does no damage.
The vampire bites you.
You focus your inner power and blind the vampire in retribution!
The two-headed ogre attacks as you move away!
The two-headed ogre hits you with a +0 giant spiked club!
The two-headed ogre hits you with a +0 giant club!
Aiming: Power Leap
Press: ? - help, Dir - move target The vampire gestures wildly while chanting.
The vampire flickers and vanishes!
Deactivating autopickup; reactivate with Ctrl-A.
The two-headed ogre hits you but does no damage.
The two-headed ogre hits you with a +0 giant club!
Okay, then.
Okay, then.
You feel much better.
You hear some strange, mumbled words.
Something tries to affect you, but you resist.
You barely miss the two-headed ogre.
The two-headed ogre is severely wounded.
The two-headed ogre hits you with a +0 giant spiked club!
The two-headed ogre hits you with a +0 giant club!
You hit the two-headed ogre.
The two-headed ogre is severely wounded.
The two-headed ogre hits you with a +0 giant spiked club!!
* * * LOW HITPOINT WARNING * * *
The two-headed ogre hits you with a +0 giant club!
You die...

.. ######+#######..
................
................
................
................
....$...........
......O..........
.......@.........
...............# .#
...............###.#
.........[.........#
...................#
...................#
...................#
...................#
...............)...#


You could see a two-headed ogre.

Vanquished Creatures
  2 kobold demonologists (D:9)
  A troll (D:8)
  Edmund (D:5)
  An acid dragon (D:9)
  3 ice beasts
  3 orc warriors
  A sky beast (D:7)
  4 black bears
  2 ogres (D:7)
  2 centaurs
  3 phantoms
  5 kobold brigands
  A bullfrog (D:9)
  4 scorpions
  A necrophage (D:4)
  2 gnoll sergeants
  11 killer bees
  4 howler monkeys
  3 jellies
  4 orc priests
  2 hounds (D:4)
  Crazy Yiuf (D:7)
  A gnoll bouda (D:9)
  4 iguanas
  9 orc wizards
  5 adders
  8 gnolls
  2 shadow imps
  2 white imps
  2 ufetubi (D:6)
  3 worms
  2 dart slugs
  48 orcs
  6 ball pythons
  10 bats
  9 endoplasms
  7 giant cockroaches
  7 goblins
  9 hobgoblins
  11 jackals
  20 kobolds
  A quokka (D:4)
  4 frilled lizards
  4 rats
235 creatures vanquished.

Vanquished Creatures (others)
  2 killer bees
  A gnoll (D:8)
  An orc (D:9)
  A goblin (D:3)
  A kobold (D:7)
6 creatures vanquished.

Grand Total: 241 creatures vanquished

Notes
Turn   | Place    | Note
-------+----------+-------------------------------------------
     0 | D:1      | sakkuzi the Gargoyle Fighter began the quest for the Orb.
     0 | D:1      | Reached XP level 1. HP: 14/14 MP: 1/1
   204 | D:1      | Found Qaxugom's Armour Boutique.
   292 | D:1      | Reached XP level 2. HP: 19/19 MP: 2/2
   505 | D:1      | Found a faded altar of an unknown god.
   514 | D:1      | Prayed at the altar of an unknown god.
   514 | D:1      | Became a worshipper of Ru the Awakened
   568 | D:1      | Gained mutation: You cannot study or use magical devices.
                  | [Ru sacrifice]
   568 | D:1      | Reached * piety under Ru
   568 | D:1      | Reached ** piety under Ru
   935 | D:2      | Reached XP level 3. HP: 22/24 MP: 3/3
  1399 | D:2      | Reached skill level 4 in Fighting
  1685 | D:2      | Reached XP level 4. HP: 29/29 MP: 4/4
  2441 | D:3      | Reached XP level 5. HP: 28/34 MP: 5/5
  2963 | D:4      | Reached XP level 6. HP: 39/39 MP: 6/6
  3130 | D:4      | Reached skill level 5 in Fighting
  3161 | D:4      | Gained mutation: You are missing a hand. [Ru sacrifice]
  3161 | D:4      | Reached *** piety under Ru
  3161 | D:4      | Reached **** piety under Ru
  3161 | D:4      | Reached ***** piety under Ru
  3356 | D:4      | Found a large runed translucent door.
  3357 | D:4      | Found a large runed translucent door.
  3384 | D:4      | Found a bloodstained altar of Trog.
  3398 | D:4      | Found a snail-covered altar of Cheibriados.
  3409 | D:4      | Reached skill level 5 in Armour
  3409 | D:4      | Reached XP level 7. HP: 43/44 MP: 7/7
  4033 | D:5      | Entered Level 5 of the Dungeon
  4432 | D:5      | Reached skill level 6 in Fighting
  4467 | D:5      | Reached XP level 8. HP: 26/51 MP: 8/8
  4717 | D:5      | Reached skill level 5 in Maces & Flails
  4905 | D:5      | Found Imogop's General Store.
  5142 | D:5      | Reached skill level 1 in Long Blades
  5315 | D:5      | Noticed Edmund
  5380 | D:5      | Killed Edmund
  5752 | D:6      | Reached skill level 7 in Fighting
  5815 | D:6      | Found a hazy altar of Hepliaklqana.
  6035 | D:6      | Reached XP level 9. HP: 42/57 MP: 9/9
  6042 | D:6      | Found a shimmering blue altar of Sif Muna.
  6521 | D:6      | Gained mutation: You have somewhat slow reflexes. (EV -5)
                  | [Ru sacrifice]
  6823 | D:7      | Found Afeusiocw's Assorted Antiques.
  7163 | D:7      | Found a staircase to the Ecumenical Temple.
  7192 | D:7      | Reached skill level 8 in Fighting
  7212 | D:7      | Found Omogix's Weapon Shop.
  7212 | D:7      | Found Maptuti's Weapon Emporium.
  7821 | D:7      | Found a runed translucent door.
  7822 | D:7      | Noticed Crazy Yiuf
  7827 | D:7      | Paralysed by Crazy Yiuf for 4 turns
  7833 | D:7      | Killed Crazy Yiuf
  8982 | D:8      | Found a blossoming altar of Fedhas.
  9051 | D:8      | Found a glowing golden altar of the Shining One.
  9105 | D:8      | Found a basalt altar of Yredelemnul.
  9130 | D:8      | Noticed a troll
  9143 | D:8      | Killed a troll
  9144 | D:8      | Reached skill level 9 in Fighting
  9239 | D:8      | Reached XP level 10. HP: 58/66 MP: 10/10
  9553 | D:8      | Gained mutation: Your casting is slightly disrupted. [Ru
                  | sacrifice]
  9553 | D:8      | Reached ****** piety under Ru
 10067 | D:9      | Noticed a kobold demonologist
 10280 | D:9      | Noticed a kobold demonologist
 10282 | D:9      | Noticed a sixfirhy
 10284 | D:9      | Killed a kobold demonologist
 10311 | D:9      | Killed a kobold demonologist
 10341 | D:9      | Reached skill level 10 in Fighting
 10431 | D:9      | Found a flagged portal.
 10794 | D:10     | Entered Level 10 of the Dungeon
 10874 | D:10     | Noticed a two-headed ogre
 10889 | D:10     | HP: 2/68 [two-headed ogre/+0 giant spiked club (29)]
 10889 | D:10     | Mangled by a two-headed ogre

Illustrated notes

Levels and vault maps discovered:
D:1:      psy_arrival_statuary, layout_basic,
          ebering_ecumenical_altar_abandoned, serial_shops, shop, minmay_3d_cube
D:2:      layout_basic, minivault_5
D:3:      layout_loops_ring
D:4:      cheibrodos_barr_body, layout_loops_cross, jmf_multi_god_temple2
D:5:      layout_rooms, serial_shops, nicolae_lakefront_shop, uniq_edmund
D:6:      layout_loops_corners, mainiacjoe_overflow_cross_hatched,
          nicolae_sif_muna_condensation, minivault_19, grunt_ministairs_8,
          minmay_checkerbox
D:7:      layout_layer_cave, temple_doors_e, serial_shops, shop,
          nicolae_wooded_promenade, uniq_crazy_yiuf_cottage
D:8:      layout_cave_pods, mainiacjoe_overflow_alcove_1, fedhas_altar_2,
          lemuel_crystal_altar
D:9:      layout_cave_pools, enter_bailey_4
D:10:     layout_stronghold, overflow_temple_1_default, wad_rectangle_vault

Skill      XL: |  1  2  3  4  5  6  7  8  9 10 |
---------------+-------------------------------+-----
Fighting       | 4 5 6 7 9 10 | 10.0
Shields        | 4 0 |  0.0
Armour         | 4 5 6 7 9 |  9.9
Maces & Flails | 3 4 5 7 8 |  8.4
Long Blades    | 2 |  2.0

Action                   |  1- 3 |  4- 6 |  7- 9 | 10-12 || total
-------------------------+-------+-------+-------+-------++-------
Melee: Flail             |   111 |   163 |   416 |   108 ||   798
Invok: Sacrifice Artific |     1 |       |       |       ||     1
       Sacrifice a Hand  |       |     1 |       |       ||     1
       Power Leap        |       |       |     4 |     7 ||    11
       Sacrifice Health  |       |       |     1 |       ||     1
       Sacrifice Essence |       |       |       |     1 ||     1
  Use: Scroll            |     6 |       |     8 |       ||    14
       Potion            |       |     1 |     2 |     1 ||     4
 Stab: Distracted        |       |     1 |     1 |       ||     2
       Paralysed         |       |       |     9 |     2 ||    11
       Invisible         |       |       |     1 |       ||     1
Armor: Scale mail        |     6 |       |       |       ||     6
       Plate armour      |    94 |   156 |   412 |   236 ||   898
Dodge: Dodged            |    36 |    46 |    83 |    26 ||   191
Block: Buckler           |    30 |    38 |       |       ||    68
